AoeStats
← zisuku

Black Forest

512458254Analyzed
4v4 RM · 17d ago on Oct 9, 2026· 48m 54s· 8 players
Game mode
Random Map
Map size
Large (8 player)
Population
200
Speed
Normal
Resources
Standard
Victory
Conquest
Starting age
Dark Age
Ending age
Imperial Age
RankedLock teamsTeams togetherTeam positionsShared explorationLock speedFull tech treeHidden civsTurbo modeCheats
Victory
Defeat
🇧🇷 Burmese · Brazil
1272
+15
🇺🇾 Persians · Uruguay
1236
+17
🇵🇪 Bohemians · Peru
1221
+18
🇺🇸 Burgundians · United States
1207
+18
vs
🇺🇸 Danes · United States
1296
-18
🇷🇴 Burgundians · Romania
1276
-18
🇳🇱 Britons · Netherlands
1255
-17
1204
-15
liveSettings
8:16 Double-Bit Axe
12:17 Feudal Age
17:58 Castle Age
16:57 Bow Saw
17:13 Fishing Lines
17:16 Horse Collar
19:15 Heavy Plow
20:18 Two-Man Saw
19:23 Gold Mining
24:56 Scale Barding Armor
27:36 Wheelbarrow
30:08 Imperial Age
28:11 Chain Barding Armor
27:14 Cavalier
27:55 Husbandry
28:38 Forging
28:17 Loom
29:29 Gold Shaft Mining
28:44 Stone Mining
29:27 Crop Rotation
30:29 Hand Cart
30:30 Paladin
32:54 Plate Barding Armor
33:40 Iron Casting
33:14 Town Watch
34:17 Stone Shaft Mining
35:51 Town Patrol
38:04 Chemistry
37:25 Ballistics
37:16 Masonry
40:37 Caravan
41:01 Conscription
40:46 Burgundian Vineyards
41:12 Conscription
40:58 Burgundian Vineyards
41:07 Flemish Revolution
45:25 Scale Mail Armor
46:25 Blast Furnace
46:51 Chain Mail Armor
Alastor1001
2:05 Loom
15:33 Feudal Age
20:52 Fletching
22:26 Double-Bit Axe
27:32 Padded Archer Armor
29:18 Horse Collar
33:51 Castle Age
34:48 Crossbowman
35:28 Bodkin Arrow
37:06 Heavy Plow
38:32 Bow Saw
43:23 Imperial Age
42:51 Chemistry
42:36 Leather Archer Armor
42:51 Elite Skirmisher
44:35 Siege Engineers
46:23 Bracer
46:53 Ring Archer Armor
46:44 Arbalester
48:40 Two-Man Saw
48:28 Ballistics
49:06 Wagenburg Tactics
Gabriel93
8:31 Loom
10:17 Feudal Age
14:08 Castle Age
12:23 Double-Bit Axe
12:57 Horse Collar
15:41 Heavy Plow
23:06 Gold Mining
25:05 Wheelbarrow
28:57 Imperial Age
26:35 Stone Mining
27:08 Forging
27:08 Scale Barding Armor
27:54 Hand Cart
28:59 Chain Barding Armor
29:15 Iron Casting
29:18 Gold Shaft Mining
28:44 Cavalier
29:36 Bloodlines
30:35 Bow Saw
30:34 Husbandry
31:12 Plate Barding Armor
32:50 Blast Furnace
31:19 Savar
32:50 Crop Rotation
32:58 Town Watch
34:08 Stone Shaft Mining
35:27 Two-Man Saw
35:58 Town Patrol
35:51 Fletching
38:06 Chemistry
41:00 Hoardings
47:09 Guard Tower
47:30 Masonry
47:46 Conscription
LmC_Mr.Brown 2001
0:44 Loom
10:25 Feudal Age
10:34 Man-at-Arms
12:12 Arson
22:38 Horse Collar
32:22 Castle Age
30:10 Fishing Lines
32:17 Gold Mining
33:33 Heavy Plow
33:25 Gillnets
33:26 Elite Skirmisher
33:59 Fletching
35:34 Padded Archer Armor
35:29 Bodkin Arrow
35:58 Caravan
38:41 Wheelbarrow
38:03 Stone Mining
38:49 Gold Shaft Mining
39:36 Coinage
40:03 Hand Cart
40:02 Long Swordsman
40:27 Gambesons
40:44 Squires
40:56 Forging
40:48 Scale Mail Armor
42:24 Iron Casting
42:41 Pikeman
45:54 Imperial Age
44:17 Chain Mail Armor
46:04 Two-Handed Swordsman
47:23 Elite Arambai
48:24 Conscription
48:19 Halberdier
48:21 Champion
[MOO] eldoomba
3:26 Loom
13:03 Feudal Age
13:35 Double-Bit Axe
13:30 Man-at-Arms
14:37 Horse Collar
14:51 Arson
18:49 Scale Mail Armor
20:14 Forging
27:54 Castle Age
26:17 Padded Archer Armor
26:52 Fletching
29:37 Bow Saw
29:18 Gambesons
29:53 Leather Archer Armor
30:50 Wheelbarrow
30:18 Long Swordsman
30:27 Elite Skirmisher
31:13 Gold Mining
31:35 Squires
33:05 Pikeman
35:24 Hand Cart
35:40 Chain Mail Armor
36:31 Gold Shaft Mining
38:43 Iron Casting
45:12 Imperial Age
45:29 Elite Varangian Guard
47:59 Plate Mail Armor
47:50 Onager
[MOO] kilroy
11:18 Feudal Age
12:10 Double-Bit Axe
18:18 Castle Age
17:41 Fletching
17:38 Horse Collar
24:19 Bow Saw
24:16 Heavy Plow
26:09 Crossbowman
27:20 Bodkin Arrow
28:51 Padded Archer Armor
30:15 Wheelbarrow
30:27 Ballistics
30:30 Gold Mining
31:48 Hand Cart
34:18 Imperial Age
31:35 Loom
31:56 Padded Archer Armor
33:58 Leather Archer Armor
34:26 Arbalester
35:08 Bracer
35:39 Ring Archer Armor
36:12 Chemistry
35:18 Siege Engineers
36:09 Conscription
36:14 Loom
37:06 Yeomen
39:48 Scale Mail Armor
39:58 Forging
39:13 Pikeman
39:54 Squires
39:40 Arson
40:17 Halberdier
41:38 Chain Mail Armor
41:59 Iron Casting
43:13 Two-Man Saw
44:43 Plate Mail Armor
45:14 Blast Furnace
47:52 Masonry
47:53 Fortified Wall
47:56 Masonry
坐中我不c坐边我必炸
11:11 Feudal Age
16:04 Castle Age
13:52 Loom
36:07 Double-Bit Axe
36:14 Gold Mining
37:45 Caravan
38:30 Bow Saw
40:57 Wheelbarrow
42:54 Pikeman
zisuku
7:44 Double-Bit Axe
9:55 Loom
10:08 Fishing Lines
12:08 Feudal Age
16:13 Castle Age
14:46 Bow Saw
17:52 Scale Barding Armor
27:39 Wheelbarrow
27:00 Horse Collar
31:51 Heavy Plow
32:29 Hand Cart
34:47 Two-Man Saw
33:50 Gold Mining
39:03 Imperial Age
36:06 Cavalier
36:48 Husbandry
38:01 Chain Barding Armor
37:52 Forging
39:21 Two-Man Saw
38:17 Town Watch
39:29 Stone Mining
39:27 Paladin
40:43 Conscription
40:36 Burgundian Vineyards
41:55 Gold Shaft Mining
42:13 Plate Barding Armor
42:14 Iron Casting
41:41 Scale Mail Armor
44:05 Flemish Revolution
Connection lost

Rejoining the realm…

Still unreachable

The connection could not be restored.

Session expired

The server has moved on; the page needs a fresh start.